 Dungeon Crawl Stone Soup version 0.22.1-1-ga44c0e56f4 (webtiles) character file.

889 Lisan the Poker (level 7, -2/61 HPs)
             Began as a Minotaur Berserker on Oct 3, 2018.
             Was a Priest of Trog.
             Slain by a gnoll sergeant
             ... wielding a +2 spear of distortion
              (7 damage)
             ... on level 5 of the Dungeon on Oct 4, 2018.
             The game lasted 00:18:45 (4066 turns).

Lisan the Poker (Minotaur Berserker)                Turns: 4066, Time: 00:18:46

Health: -2/61      AC: 10    Str: 23    XL:     7   Next: 77%
Magic:  6/6        EV: 11    Int:  4    God:    Trog [***...]
Gold:   312        SH:  0    Dex: 10    Spells: 6/6 levels left

rFire    + . .     SeeInvis .   a - +1 spear
rCold    . . .     Gourm    .   (no shield)
rNeg     . . .     Faith    .   B - +0 scale mail {rF+}
rPois    .         Spirit   .   (helmet restricted)
rElec    .         Reflect  .   (no cloak)
rCorr    .         Harm     .   h - +1 pair of gloves
MR       .....                  (no boots)
Stlth    ..........             (no amulet)
HPRegen  0.20/turn              r - +1 ring of protection
MPRegen  0.10/turn              (no ring)

@: no status effects
A: retaliatory headbutt, horns 2
a: Berserk, Trog's Hand, Renounce Religion


You were on level 5 of the Dungeon.
You worshipped Trog.
Trog was most pleased with you.
You were not hungry.

You visited 1 branch of the dungeon, and saw 5 of its levels.

You collected 312 gold pieces.

Inventory:

Hand Weapons
 a - a +1 spear (weapon)
 f - a +0 dagger
 z - a +0 halberd
Missiles
 e - 67 arrows (quivered)
Armour
 b - a +0 animal skin
 h - a +1 pair of gloves (worn)
 k - a +0 scale mail
 u - a +2 shield
 v - a scarf of spirit shield
 B - a +0 scale mail of fire resistance (worn)
Jewellery
 d - an uncursed amulet of the gourmand {unknown}
 m - an uncursed amulet of the gourmand {unknown}
 r - a +1 ring of protection (left hand)
 E - an uncursed ring of see invisible {unknown}
Scrolls
 l - 3 scrolls of teleportation
 o - a scroll of immolation {unknown}
 q - 2 scrolls of enchant weapon
 s - a scroll of amnesia
 t - a scroll of noise {unknown}
 x - a scroll of enchant armour {unknown}
 y - a scroll of remove curse {unknown}
Potions
 i - a potion of resistance {unknown}
 j - 2 potions of curing
 n - a potion of haste {unknown}
 p - a potion of lignification {unknown}
 w - a potion of flight {unknown}
 A - a potion of berserk rage {unknown}
 C - 2 potions of magic {unknown}
 D - a potion of heal wounds {unknown}
Comestibles
 c - 5 rations
 F - 2 chunks of flesh


   Skills:
 + Level 5.5 Fighting
 + Level 7.8 Polearms
 + Level 5.9 Armour
 + Level 4.1 Dodging
 + Level 0.8 Stealth


You had 6 spell levels left.
You didn't know any spells.
Your spell library was empty.

Dungeon Overview and Level Annotations

Branches:
Dungeon (5/15)
 Temple: D:4-7

Altars:
Fedhas
Kikubaaqudgha
Uskayaw
Xom


Innate Abilities, Weirdness & Mutations

You reflexively headbutt those who attack you in melee.
You have a pair of horns on your head.


Message History

You kill the hound!
Trog accepts your kill. The gnoll closely misses you.
The gnoll sergeant closely misses you. You furiously retaliate!
You headbutt the gnoll sergeant! You puncture the gnoll!
The gnoll is heavily wounded.
The gnoll hits you but does no damage.
The gnoll sergeant hits you but does no damage.
Space bends around you.
You hit the gnoll.
You kill the gnoll!
Trog accepts your kill.
The gnoll sergeant hits you with a spear of distortion!
Space warps horribly around you!
* * * LOW HITPOINT WARNING * * *
The gnoll hits you from afar with a spear.
* * * LOW HITPOINT WARNING * * *
The gnoll sergeant hits you with a spear of distortion!
You die...

### #####.. # #P..#.# #.#
####### #._P#..
....#.....## #P..##.
...........#########..P#.
.........)..(......#...#.
......g..)..######.......
.....<.g@...# #.......
.>..........# ####P.P#
...>........# #P..#
............# ##.PP
...........## #P_.
....#.....## #.PP
########### ####


You could see a gnoll sergeant and a gnoll.

Vanquished Creatures
  A necrophage (D:5)
  An ogre (D:4)
  A phantom (D:4)
  A centaur (D:5)
  3 crimson imps (D:3)
  A hound (D:5)
  An orc priest (D:3)
  A gnoll shaman (D:4)
  An iguana (D:4)
  2 orc wizards (D:3)
  A hound skeleton (D:4)
  A howler monkey skeleton (D:5)
  6 adders
  8 gnolls
  An ooze (D:4)
  An adder zombie (D:5)
  An adder skeleton (D:5)
  5 worms
  5 dart slugs
  4 leopard geckos
  9 orcs
  5 giant cockroaches
  13 goblins
  4 hobgoblins
  7 jackals
  7 kobolds
  2 quokkas
  A ball python (D:1)
  7 bats
  3 frilled lizards
  A quokka skeleton (D:5)
  4 rats
109 creatures vanquished.

Notes
Turn   | Place    | Note
-------+----------+-------------------------------------------
     0 | D:1      | Lisan the Minotaur Berserker began the quest for the Orb.
     0 | D:1      | Reached XP level 1. HP: 19/19 MP: 0/0
   482 | D:1      | Reached XP level 2. HP: 27/27 MP: 1/1
   494 | D:1      | Reached skill level 4 in Polearms
   807 | D:1      | Reached ** piety under Trog
   822 | D:1      | Reached XP level 3. HP: 33/33 MP: 2/2
  1317 | D:2      | Reached skill level 5 in Polearms
  1317 | D:2      | Reached XP level 4. HP: 35/41 MP: 3/3
  1437 | D:2      | Found a hide-covered altar of Uskayaw.
  1479 | D:2      | Found a faded altar of an unknown god.
  1781 | D:3      | Found a shimmering altar of Xom.
  1811 | D:3      | Reached XP level 5. HP: 42/47 MP: 4/4
  1829 | D:3      | Reached skill level 6 in Polearms
  2071 | D:3      | Reached XP level 6. HP: 49/55 MP: 5/5
  2182 | D:3      | Reached *** piety under Trog
  3048 | D:4      | Reached skill level 5 in Fighting
  3126 | D:4      | Reached skill level 7 in Polearms
  3126 | D:4      | Reached XP level 7. HP: 53/61 MP: 6/6
  3237 | D:4      | Reached skill level 5 in Armour
  3973 | D:5      | Entered Level 5 of the Dungeon
  4018 | D:5      | Found an ancient bone altar of Kikubaaqudgha.
  4023 | D:5      | Found a blossoming altar of Fedhas.
  4066 | D:5      | Slain by a gnoll sergeant

Skill      XL: |  1  2  3  4  5  6  7 |
---------------+----------------------+-----
Fighting       | 4 5 |  5.5
Polearms       | 4 5 6 7 |  7.8
Armour         | 3 4 5 |  5.9
Dodging        | 3 4 |  4.1
Stealth        | |  0.8

Action                   |  1- 3 |  4- 6 |  7- 9 || total
-------------------------+-------+-------+-------++-------
Melee: Spear             |    82 |   181 |    64 ||   327
       Headbutt          |     9 |    31 |    15 ||    55
Invok: Trog's Hand       |       |     1 |       ||     1
  Use: Scroll            |       |     2 |     3 ||     5
       Potion            |       |     1 |       ||     1
  Eat: Ration            |     1 |       |     1 ||     2
       Chunk             |       |     4 |     1 ||     5
Armor: Animal skin       |     7 |       |       ||     7
       Scale mail        |    26 |    73 |    22 ||   121
Dodge: Dodged            |    38 |    91 |    38 ||   167
